Ace Rimmer, neutral male scurrid Tourist -------- --......| |........ |.@.....| |..@....| |.......| |......-- ----.--- Ace Rimmer the Rambler Experience level: 1 Strength: 10 Dexterity: 14 Constitution: 14 Intelligence: 14 Wisdom: 9 Charisma: 14 Health: 0(11) Energy: 2(2) Def: 0 Gold: 145 Moves: 133 Dungeon seed: Zn4l2poAuDz5jBIn Game ID: Ace Rimmer_1528902800 Your Inventory: Coins $ - 145 gold pieces Weapons a - 38 blessed +2 darts (in quiver) Armor e - an uncursed +0 Hawaiian shirt (being worn) Comestibles b - 2 uncursed food rations c - 3 uncursed tripe rations d - 2 uncursed fortune cookies f - an uncursed tin of newt meat g - 3 uncursed eggs q - an uncursed lembas wafer Scrolls i - 4 uncursed scrolls of magic mapping Potions h - an uncursed potion of extra healing t - an uncursed potion of restore ability v - an uncursed potion of sickness Wands l - an uncursed wand of secret door detection (0:11) p - a cursed wand of magic missile (0:7) x - an uncursed wand of lightning (0:6) y - an uncursed wand of cancellation (0:6) A - an uncursed wand of nothing (0:5) Tools j - an uncursed expensive camera (0:28) k - an uncursed credit card m - an uncursed leash B - an uncursed oilskin sack Spells and supernatural/magical abilities: Name Level Category Fail Memory W - pray for help -- divine ? -- Your skills at the end: Miscellaneous Skills wands [Basic] Weapon Skills dart [Basic] Spellcasting Skills Final Attributes: You were devoutly aligned. Your writing paw was ok. You had infravision. You were very stealthy. You are dead. Vanquished creatures: a pony a dwarf zombie a gnome a sewer rat a grid bug 5 creatures vanquished. Voluntary challenges: You went without food. You did not adorn yourself with jewelry or accessories. You did not cause conflict. You were not invisible. You did not have reflection. You were not displaced. You were an atheist. You never hit with a wielded weapon. You did not apply a unicorn horn. You did not use plumbed fixtures. You were illiterate. You never genocided any monsters. You never polymorphed an object. You never changed form. You used no wishes. You never split a pudding. You never wrote Elbereth's name. You never violated your personal moral code. Dungeon overview: The Dungeons of Doom: levels 1 to 12 Level 1 a long staircase Level 2 Level 3 a fountain a long staircase Level 4 a general store Level 5 Level 6 Level 7 a fountain stairs to Sokoban Level 8 Level 9 a fountain Level 10 Level 11 Level 12 <- You were here Sokoban: Level 6 a magic chest stairs to The Dungeons of Doom History has recorded: On T:1 you entered the Dungeons of Doom to retrieve the Amulet of Yendor! On T:8 you reached level 2 of The Dungeons of Doom. On T:14 you reached level 3 of The Dungeons of Doom. On T:21 you reached level 4 of The Dungeons of Doom. On T:35 you reached level 5 of The Dungeons of Doom. On T:43 you reached level 6 of The Dungeons of Doom. On T:54 you reached level 7 of The Dungeons of Doom. On T:57 you reached level 4 of Sokoban. On T:73 you opened a magic chest. On T:115 you reached level 8 of The Dungeons of Doom. On T:121 you reached level 9 of The Dungeons of Doom. On T:123 you reached level 10 of The Dungeons of Doom. On T:130 you reached level 11 of The Dungeons of Doom. On T:131 you reached level 12 of The Dungeons of Doom. Score breakdown: Gold: 0 ( 0 points) Experience: 1 level ( 0 points) Exploration: 12 levels ( 330 points) Discoveries: 8 items ( 400 points) Variety of kills: 5 monsters ( 250 points) Major goal: (nothing yet) ( 0 points) Survival: died (score multiplied by 3) Total score: 2940 Latest messages: You start digging downward. You continue digging downward. You dig a pit in the floor. You continue digging downward. (6x) You dig a hole through the floor. You fall through... You hear a door open. You receive a faint telepathic message from Twoflower: Your help is urgently needed at Ankh-Morpork! Look for a ...ic transporter. You couldn't quite make out that last message. The werewolf is blinded by the flash! The werewolf punches you! The werewolf punches you! You die... The oilskin sack is empty. The oilskin sack is empty. Final status: Aloha Ace Rimmer the Tourist, killed by a werewolf... You died in The Dungeons of Doom on dungeon level 12 with 2940 points, and 145 pieces of gold, after 133 moves. You were level 1 with a maximum of 11 hit points when you died.